 Dungeon Crawl Stone Soup version 0.29.1-15-g9cfb28693d (webtiles) character file.

Game seed: 17046218556579902169

2 McKennaii the Caller (level 1, -1/14 HPs)
             Began as a Demigod Summoner on Feb 23, 2023.
             Slain by a quokka (5 damage)
             ... on level 1 of the Dungeon.
             The game lasted 00:00:25 (223 turns).

McKennaii the Caller (Demigod Summoner)              Turns: 223, Time: 00:00:25

Health: -1/14      AC:  2    Str:  9    XL:     1   Next: 26%
Magic:  2/5        EV: 12    Int: 17    God:
Gold:   0          SH:  0    Dex: 14    Spells: 2/3 levels left

rFire   . . .      SeeInvis .   (no weapon)
rCold   . . .      Faith    .   (no shield)
rNeg    . . .      Spirit   .   a - +0 robe
rPois   .          Reflect  .   (no helmet)
rElec   .          Harm     .   (no cloak)
rCorr   .          Rampage  .   (no gloves)
Will    .....                   (no boots)
Stlth   ++........              (no amulet)
HPRegen 0.04/turn               (no ring)
MPRegen 0.09/turn               (no ring)

@: no status effects
A: high MP 1, forlorn, divine attributes
a: no special abilities


You were on level 1 of the Dungeon.
You visited 1 branch of the dungeon, and saw 1 of its levels.

Inventory:

Armour
 a - a +0 robe (worn)
Potions
 b - a potion of magic


   Skills:
 - Level 1.7 Dodging
 - Level 1.7 Stealth
 + Level 1.9 Spellcasting
 + Level 3.6 Summonings


You had 2 spell levels left.
You knew the following spells:

 Your Spells              Type           Power      Damage    Failure   Level
a - Summon Small Mammal   Summ           56%        N/A       4%          1

Your spell library contained the following spells:

 Spells                   Type           Power      Damage    Failure   Level
 Call Imp                 Summ           14%        N/A       7%          2
 Sandblast                Erth           2%         2d4       21%         1
 Passwall                 Tmut/Erth      0%         N/A       30%         2
 Call Canine Familiar     Summ           14%        N/A       13%         3
 Summon Guardian Golem    Hex/Summ       7%         N/A       28%         3
 Stone Arrow              Conj/Erth      2%         3d7       52%         3
 Summon Lightning Spire   Summ/Air       7%         N/A       67%         4


Dungeon Overview and Level Annotations

Branches:
Dungeon (1/15)


Innate Abilities, Weirdness & Mutations

You have an increased reservoir of magic. (+10% MP)
You shall have no god before yourself.
Your divine heritage dramatically boosts your attributes as you level up.


Message History

Your bat hits the quokka but does no damage.
The quokka bites your rat.
Your rat barely misses the quokka.
The quokka barely misses your rat.
Your bat closely misses the quokka.
The quokka closely misses your rat.
Your rat closely misses the quokka.
Your bat closely misses the quokka.
The quokka closely misses your rat.
Your rat barely misses the quokka.
The quokka barely misses your rat.
Your rat barely misses the quokka.
Your bat hits the quokka but does no damage.
Your bat hits the quokka. x2; The quokka bites your rat.
Your rat dies!
Your rat's corpse disappears in a puff of smoke!
Your bat hits the quokka but does no damage.
The quokka barely misses your bat. x2
Your bat closely misses the quokka.
Your bat barely misses the quokka.
Your bat hits the quokka but does no damage.
The quokka barely misses your bat.
Your bat hits the quokka but does no damage.
Your bat completely misses the quokka.
Your bat hits the quokka but does no damage.
The quokka closely misses your bat.
Your bat hits the quokka but does no damage.
Your bat hits the quokka.
Your bat hits the quokka but does no damage. x2
The quokka bites your bat.
Your bat closely misses the quokka.
The quokka bites your bat.
Your bat dies!
Your bat's corpse disappears in a puff of smoke!
You barely miss the quokka.
The quokka is severely wounded.
The quokka bites you.
* * * LOW HITPOINT WARNING * * *
Your bat barely misses the quokka.
Your bat hits the quokka but does no damage.
Casting: Summon Small Mammal (safe; 4% risk of failure)
Confirm with . or Enter, or press ? or * to list all spells.
Your bat hits the quokka but does no damage.
The quokka bites you.
You die...

.....###......... #.#
.....'.'..>...... #.#
.....###.........##
#.#
####.#............#
#.# #.#.##...#####.#
#.# #.#.##...# ...#
#.# #...##...# #..#
#.# #...##...####..#
#.# #............@.#
#.# ###.###+#####r.#
#.#
...........rb#######.#
.....................#
............##########
...?........#
####.#.###.# # #...#.#
.?#.#.#


You could see a quokka (ally target), a friendly bat (summoned) and a friendly
rat (summoned).

Vanquished Creatures
  An endoplasm (D:1)
1 creature vanquished.

Vanquished Creatures (collateral kills)
  A giant cockroach (D:1)
1 creature vanquished.

Grand Total: 2 creatures vanquished

Notes
Turn   | Place    | Note
-------+----------+-------------------------------------------
     0 | D:1      | McKennaii the Demigod Summoner began the quest for the Orb.
     0 | D:1      | Reached XP level 1. HP: 14/14 MP: 5/5
   223 | D:1      | Slain by a quokka

Illustrated notes

Levels and vault maps discovered:
D:1:      nicolae_arrival_washed_ashore, layout_basic, serial_aquarium,
          aquarium_bridge_island_small [aquarium_subvault_small_open,
          aquarium_subvault_wall, aquarium_subvault_window,
          aquarium_subvault_bridge, aquarium_subvault_wall],
          aquarium_window_corridor_1, aquarium_window_fake, aquarium_window_1,
          aquarium_view_2b, aquarium_view_2b, aquarium_balcony_3b

Action                   || total
-------------------------++-------
Melee: Unarmed           ||    18
 Cast: Summon Small Mamm ||     8
 Stab: Sleeping          ||     1
Armor: Robe              ||     4
Dodge: Dodged            ||    12
